 Dungeon Crawl Stone Soup version 0.17.0-23-g0de4337 (webtiles) character file.

2078 tp1 the Thaumaturge (level 9, -1/50 HPs)
             Began as a Deep Elf Conjurer on Nov 14, 2015.
             Slain by a gnoll
             ... wielding a +2 spear of piercing
              (7 damage)
             ... on level 6 of the Dungeon.
             The game lasted 00:30:46 (8337 turns).

tp1 the Thaumaturge (Deep Elf Conjurer)             Turns: 8337, Time: 00:30:46

Health: -1/50      AC:  3    Str:  5    XL:     9   Next: 6%
Magic:  1/25       EV: 13    Int: 24    God:
Gold:   216        SH:  0    Dex: 18    Spells: 3 memorised, 20 levels left

rFire  . . .     SeeInvis .     H - +0 rapier (speed)
rCold  . . .     Clarity  .     a - +0 robe
rNeg   . . .     SustAt   .     (no shield)
rPois  .         Gourm    .     y - +0 helmet
rElec  .         Spirit   .     (no cloak)
rCorr  .         Warding  .     (no gloves)
rMut   .         Stasis   .     (no boots)
MR     .....                    q - amulet of rage (curse)
Stlth  ++........               A - +3 ring of dexterity (curse)
                                u - ring of invisibility

@: drained, not resistant to hostile enchantments, unstealthy
A: no striking features
a: Evoke Berserk Rage, Evoke Invisibility


You were on level 6 of the Dungeon.
You were hungry.

You visited 2 branches of the dungeon, and saw 7 of its levels.

You collected 216 gold pieces.

Inventory:

Hand Weapons
 f - a +2 vampiric short sword
 G - a +0 rapier
 H - a +0 rapier of speed (weapon)
Armour
 a - a +0 robe (worn)
 y - a +0 helmet (worn)
Jewellery
 d - an uncursed amulet of guardian spirit
 q - a cursed amulet of rage (around neck)
 u - a ring of invisibility (left hand)
 A - a cursed +3 ring of dexterity (right hand)
Wands
 n - a wand of fire (10)
Scrolls
 h - 3 scrolls of identify
 m - 2 scrolls of teleportation
 o - a scroll of fear {unknown}
 p - 2 scrolls of enchant armour {unknown}
 t - a scroll of immolation {unknown}
 w - 2 scrolls of random uselessness {unknown}
 z - 3 scrolls of enchant weapon {unknown}
 C - a scroll of noise {unknown}
 D - a scroll of blinking
 E - a scroll of remove curse
Potions
 e - a potion of resistance
 g - 2 potions of magic
 i - 2 potions of cancellation
 j - 5 potions of curing
 l - 2 potions of agility {unknown}
 r - a potion of degeneration {unknown}
 s - a potion of heal wounds {unknown}
 x - a potion of poison {unknown}
 F - a potion of ambrosia {unknown}
Books
 b - a book of Conjurations

   Spells                             Type                      Level
   a - Magic Dart                     Conjuration                  1
   b - Searing Ray                    Conjuration                  2
   c - Dazzling Spray                 Conjuration/Hexes            3
   d - Fulminant Prism                Conjuration/Hexes            4
   e - Iskenderun's Mystic Blast      Conjuration                  4
   f - Iskenderun's Battlesphere      Conjuration/Charms           5
 B - a book of Callings

   Spells                             Type                      Level
   a - Summon Small Mammal            Summoning                    1
   b - Call Imp                       Summoning                    2
   c - Call Canine Familiar           Summoning                    3
   d - Summon Guardian Golem          Hexes/Summoning              3
   e - Summon Lightning Spire         Summoning/Air                4
   f - Summon Ice Beast               Ice/Summoning                4
Comestibles
 c - 4 bread rations
 k - a meat ration


   Skills:
 + Level 3.1(2.8) Fighting
 - Level 2.4(2.1) Dodging
 - Level 2.4(2.1) Stealth
 - Level 10.0(9.7) Spellcasting
 - Level 8.0(7.7) Conjurations
 - Level 8.2(7.8) Charms


You had 20 spell levels left.
You knew the following spells:

 Your Spells              Type           Power        Failure   Level  Hunger
a - Magic Dart            Conj           ####         1%          1    None
b - Searing Ray           Conj           #####.       1%          2    None
d - Iskenderun's Battles  Conj/Chrm      #####...     8%          5    ####...


Dungeon Overview and Level Annotations

Branches:
Dungeon (6/15)             Temple (1/1) D:6

Altars:
Dithmenos
Elyvilon
Fedhas
Kikubaaqudgha
Makhleb
Okawaru
Ru
Sif Muna
Yredelemnul
The Shining One

Shops:
D:4 !


Message History

The gnoll is almost dead.
Your battlesphere fires!
The barrage of energy hits the orc.
You kill the orc!
Your battlesphere expends the last of its energy and dissipates.
Casting: Searing Ray
Confirm with . or Enter, or press ? or * to list all spells.
Aiming: Searing Ray
Press: ? - help, Shift-Dir - straight line, f - gnoll
Aim: a gnoll, wielding a flail The searing ray hits the gnoll.
The gnoll is almost dead.
A worker ant comes into view.
The searing ray hits the gnoll.
The gnoll is almost dead.
The searing ray hits the gnoll.
You kill the gnoll!
You are feeling hungry.
The gnoll hits you from afar with a spear of piercing!
You die...

###.###########.#.##
###.# ##.## # ....#
#####...####...#
#####
#............'.#
#.#####..)####...#
##.# #.......# # #
##...##.......#
#.#.....#...(...#
#...........@...#
###...a.#.g.....#
#......##.......#
#####.........#
#)######....# #)#
###.# #a# .# #)# #
...


You could see a worker ant (wandering) and a gnoll.

Vanquished Creatures
  A water moccasin (D:5)
  4 ogres
  A phantom (D:3)
  2 centaurs
  An ice beast (D:6)
  A giant frog (D:5)
  8 wights (D:6)
  5 crimson imps
  3 orc priests
  A jelly (D:6)
  A centaur skeleton (D:5)
  A giant frog skeleton (D:6)
  2 hounds (D:5)
  2 orc wizards (D:5)
  3 worker ants
  2 worker ant zombies (D:5)
  8 adders
  7 gnolls (D:6)
  3 shadow imps
  An ooze (D:5)
  4 worms
  6 giant geckos
  32 orcs
  2 ball pythons
  7 giant cockroaches
  9 goblins
  11 hobgoblins
  24 jackals
  10 kobolds
  2 quokkas
  9 bats
  7 giant newts
  A quokka skeleton (D:4)
  5 rats
186 creatures vanquished.

Notes
Turn   | Place    | Note
--------------------------------------------------------------
     0 | D:1      | tp1 the Deep Elf Conjurer began the quest for the Orb.
     0 | D:1      | Reached XP level 1. HP: 10/10 MP: 6/6
   164 | D:1      | Reached XP level 2. HP: 15/15 MP: 1/8
   241 | D:1      | Reached skill level 5 in Conjurations
   316 | D:1      | Learned a level 2 spell: Searing Ray
   766 | D:1      | Reached XP level 3. HP: 19/19 MP: 6/9
  1242 | D:2      | Reached skill level 6 in Conjurations
  2032 | D:3      | Reached XP level 4. HP: 24/24 MP: 11/11
  2180 | D:3      | Noticed a phantom
  2193 | D:3      | Killed a phantom
  2193 | D:3      | Reached skill level 5 in Spellcasting
  2193 | D:3      | Reached XP level 5. HP: 24/28 MP: 4/15
  2200 | D:3      | Learned a level 5 spell: Iskenderun's Battlesphere
  2359 | D:3      | Reached skill level 1 in Charms
  3369 | D:3      | Reached XP level 6. HP: 6/32 MP: 1/16
  3779 | D:4      | Got a smoking war axe
  3780 | D:4      | Identified the cursed +1 war axe "Woklyo" {antimagic, MP-9 SInv Stlth+} (You found it on level 4 of the Dungeon)
  4135 | D:4      | Found Uckaomigg's Distillery.
  4181 | D:4      | Noticed an ogre
  4186 | D:4      | Killed an ogre
  4186 | D:4      | Reached skill level 5 in Charms
  4197 | D:4      | Found an ancient bone altar of Kikubaaqudgha.
  4480 | D:4      | Found a glowing golden altar of the Shining One.
  4485 | D:4      | Found a basalt altar of Yredelemnul.
  4487 | D:4      | Noticed a profane servitor
  4506 | D:4      | Found a white marble altar of Elyvilon.
  4663 | D:4      | Noticed an angel
  4705 | D:5      | Entered Level 5 of the Dungeon
  4838 | D:5      | Reached skill level 7 in Charms
  4838 | D:5      | Reached XP level 7. HP: 34/36 MP: 9/17
  4933 | D:5      | Reached skill level 8 in Charms
  6173 | D:5      | Reached XP level 8. HP: 27/41 MP: 9/19
  7502 | D:6      | Found a staircase to the Ecumenical Temple.
  7522 | Temple   | Entered the Ecumenical Temple
  7698 | D:6      | Reached skill level 9 in Spellcasting
  8125 | D:6      | Reached skill level 10 in Spellcasting
  8197 | D:6      | Reached skill level 1 in Fighting
  8317 | D:6      | Reached XP level 9. HP: 20/49 MP: 16/25
  8337 | D:6      | Slain by a gnoll

Action                   |  1- 3 |  4- 6 |  7- 9 || total
-------------------------+-------+-------+-------++-------
Melee: Short sword       |     3 |     9 |       ||    12
       Rapier            |       |       |    11 ||    11
 Cast: Magic Dart        |    90 |    75 |   102 ||   267
       Searing Ray       |       |    19 |    12 ||    31
       Iskenderun's Batt |       |     6 |    26 ||    32
  Use: Scroll            |       |     8 |       ||     8
       Potion            |       |       |     1 ||     1
  Eat: Chunk             |     3 |    11 |     9 ||    23
       Bread ration      |     1 |       |       ||     1
       Fruit             |       |       |     4 ||     4
       Meat ration       |       |       |     1 ||     1
